 Dungeon Crawl Stone Soup version 0.23.2-1-ga50397a (webtiles) character file.

Game seed: 4387490774303171739

105 Iscandelvey the Vexing (level 4, -7/32 HPs)
             Began as a Demonspawn Arcane Marksman on Apr 29, 2019.
             Killed by divine providence
             ... invoked by an orc priest
              (13 damage)
             ... on level 3 of the Dungeon.
             The game lasted 00:07:40 (3235 turns).

Iscandelvey the Vexing (Demonspawn Arcane Marksman) Turns: 3235, Time: 00:07:41

Health: -7/32      AC:  2    Str:  8    XL:     4   Next: 54%
Magic:  6/6        EV: 13    Int: 16    God:
Gold:   133        SH:  0    Dex: 13    Spells: 3/6 levels left

rFire    . . .     SeeInvis .   s - +0 falchion
rCold    . . .     Gourm    .   (no shield)
rNeg     . . .     Faith    .   e - +0 robe
rPois    .         Spirit   .   (no helmet)
rElec    .         Reflect  .   (no cloak)
rCorr    .         Harm     .   (no gloves)
MR       .....                  (no boots)
Stlth    +.........             (no amulet)
HPRegen  0.10/turn              l - -2 ring of strength (curse)
MPRegen  0.10/turn              (no ring)

@: no status effects
A: sturdy frame 1
a: no special abilities


You were on level 3 of the Dungeon.
You were not hungry.

You visited 1 branch of the dungeon, and saw 3 of its levels.

You collected 133 gold pieces.

Inventory:

Hand Weapons
 a - a +0 hand crossbow
 g - a +0 short sword
 s - a +0 falchion (weapon)
Missiles
 b - 6 javelins (quivered)
 d - 35 bolts
 o - a throwing net
Armour
 e - a +0 robe (worn)
Jewellery
 l - a cursed -2 ring of strength (left hand)
 u - an uncursed amulet of the gourmand {unknown}
Scrolls
 i - 2 scrolls of teleportation {unknown}
 j - a scroll of noise {unknown}
 k - 2 scrolls of enchant weapon {unknown}
 m - 2 scrolls of fear {unknown}
 q - 3 scrolls of identify {unknown}
Potions
 c - 2 potions of heal wounds {unknown}
 h - 2 potions of degeneration {unknown}
 n - a potion of berserk rage {unknown}
 p - 2 potions of curing {unknown}
 r - a potion of lignification {unknown}
Comestibles
 f - 11 rations
 t - a chunk of flesh


   Skills:
 - Level 1.0 Fighting
 * Level 3.2 Crossbows
 + Level 2.6 Dodging
 + Level 1.8 Spellcasting
 - Level 3.3 Hexes


You had 3 spell levels left.
You knew the following spells:

 Your Spells              Type           Power        Failure   Level  Hunger
a - Corona                Hex            ##.....      5%          1    ##.....
b - Slow                  Hex            ##......     9%          2    ###....

Your spell library contained the following spells:

 Spells                   Type           Power        Failure   Level  Hunger
 Inner Flame              Hex/Fire       #.......     32%         3    ####...
 Portal Projectile        Hex/Tloc       #.....       32%         3    ####...
 Cause Fear               Hex            ##........   47%         4    #####..
 Leda's Liquefaction      Hex/Erth       #.........   71%         4    #####..


Dungeon Overview and Level Annotations

Branches:
Dungeon (3/15)

Altars:
Elyvilon

Annotations:
D:3 Jessica


Innate Abilities, Weirdness & Mutations

Your movements are slightly less encumbered by armour. (ER -2)


Message History

The orc is heavily wounded.
The bat barely misses you. The orc hits you but does no damage.
The orc barely misses you.
You hit the orc.
You kill the orc!
The orc priest calls down the wrath of Beogh upon you.
Beogh smites you! The orc hits you with a +0 club.
You closely miss the orc. The orc hits you but does no damage.
The orc priest mumbles some strange prayers to Beogh against you.
Beogh smites you!
* * * LOW HITPOINT WARNING * * *
The orc hits you with a +0 club.
* * * LOW HITPOINT WARNING * * *
The bat hits you but does no damage. The bat hits you.
* * * LOW HITPOINT WARNING * * *
The bat closely misses you. x2; You riposte.
You barely miss the bat.
The orc priest calls down the wrath of Beogh upon you.
Beogh smites you!
You die...

.# #..##....รท..###....#
.########..##...........#..#
...........#...).######...##
#................#######.##
#.##########.............#
#.# ##.#########..# #.#
#.#########..# ..#
#.##....)...[# ###
#.##@#.##.#.## #.##b#.##.#.#
#. #o#.##.#.# #.#.#......#
#).#......# ##.#.......
.o##.....) ...# ... .#..#


You could see an orc priest, an orc and a bat.

Vanquished Creatures
  2 adders (D:3)
  A dart slug (D:2)
  2 leopard geckos
  4 orcs (D:3)
  A ball python (D:3)
  10 bats
  7 giant cockroaches
  12 goblins
  7 hobgoblins
  7 jackals
  11 kobolds
  3 frilled lizards (D:1)
  6 rats
73 creatures vanquished.

Notes
Turn   | Place    | Note
-------+----------+-------------------------------------------
     0 | D:1      | Iscandelvey the Demonspawn Arcane Marksman began the quest
                  | for the Orb.
     0 | D:1      | Reached XP level 1. HP: 15/15 MP: 2/2
    35 | D:1      | Gained mutation: Your movements are slightly less
                  | encumbered by armour. (ER -2) [demonic ancestry]
    35 | D:1      | Reached XP level 2. HP: 21/21 MP: 3/3
    78 | D:1      | HP: 1/21 [giant cockroach (2)]
   372 | D:1      | Learned a level 2 spell: Slow
   654 | D:1      | Reached XP level 3. HP: 13/26 MP: 4/4
  2096 | D:2      | Found a white marble altar of Elyvilon.
  2309 | D:3      | Reached XP level 4. HP: 9/32 MP: 4/6
  2640 | D:3      | Noticed Jessica
  3235 | D:3      | Killed from afar by an orc priest

Skill      XL: |  1  2  3  4 |
---------------+-------------+-----
Dodging        | 2 |  2.6
Crossbows      | 2 3 |  3.2
Fighting       | |  1.0
Spellcasting   | |  1.8
Hexes          | |  3.3

Action                   |  1- 3 |  4- 6 || total
-------------------------+-------+-------++-------
Melee: Short sword       |   118 |    15 ||   133
       Falchion          |       |    42 ||    42
 Fire: Hand crossbow     |    44 |       ||    44
Throw: Javelin           |    15 |     9 ||    24
 Cast: Slow              |     1 |     1 ||     2
       Corona            |       |     1 ||     1
  Eat: Chunk             |     4 |     4 ||     8
Armor: Robe              |    40 |    14 ||    54
Dodge: Dodged            |   155 |    46 ||   201
       Rpst.: Falchion   |       |    14 ||    14
